 Dungeon Crawl Stone Soup version 0.20.1-1-g8b1a95d (webtiles) character file.

96 ashduasduh the Skirmisher (level 4, -3/41 HPs)
             Began as a Minotaur Fighter on Aug 18, 2017.
             Slain by Natasha (6 damage)
             ... on level 2 of the Dungeon.
             The game lasted 00:03:26 (1021 turns).

ashduasduh the Skirmisher (Minotaur Fighter)        Turns: 1021, Time: 00:03:27

Health: -3/41      AC:  7    Str: 22    XL:     4   Next: 41%
Magic:  3/3        EV:  8    Int:  5    God:
Gold:   96         SH:  9    Dex:  9    Spells: 3/3 levels left

rFire    . . .     SeeInvis .   a - +0 war axe
rCold    . . .     Gourm    .   c - +0 shield
rNeg     . . .     Faith    .   b - +0 scale mail
rPois    .         Spirit   .   (helmet restricted)
rElec    .         Reflect  .   (no cloak)
rCorr    .         Harm     .   (no gloves)
MR       .....                  (no boots)
Stlth    ..........             (no amulet)
Regen    0.2/turn               (no ring)
MPRegen  0.1/turn               (no ring)

@: no status effects
A: retaliatory headbutt, horns 2
a: no special abilities


You were on level 2 of the Dungeon.
You were not hungry.

You visited 1 branch of the dungeon, and saw 2 of its levels.

You collected 96 gold pieces.

Inventory:

Hand Weapons
 a - a +0 war axe (weapon)
Armour
 b - a +0 scale mail (worn)
 c - a +0 shield (worn)
Jewellery
 m - a +2 ring of intelligence {unknown}
 p - an uncursed ring of protection from magic {unknown}
Scrolls
 e - 2 scrolls of recharging {unknown}
 g - a scroll of fear {unknown}
 j - a scroll of noise {unknown}
 l - a scroll of enchant weapon {unknown}
Potions
 d - 2 potions of might
 h - a potion of heal wounds {unknown}
 i - a potion of haste {unknown}
 n - 3 potions of curing {unknown}
 o - a potion of flight {unknown}
Comestibles
 f - a bread ration
 k - 2 fruits


   Skills:
 + Level 4.4 Fighting
 + Level 3.3 Axes
 + Level 4.4 Armour
 + Level 0.7 Dodging
 + Level 4.3 Shields


You had 3 spell levels left.
You didn't know any spells.

Dungeon Overview and Level Annotations

Branches:
Dungeon (2/15)

Altars:

Annotations:
D:2 Natasha


Innate Abilities, Weirdness & Mutations

You reflexively headbutt those who attack you in melee.
You have a pair of horns on your head.


Message History

You furiously retaliate!
You headbutt the quokka. You block the quokka's attack.
Natasha barely misses you. The white imp hits you.
* * * LOW HITPOINT WARNING * * *
The white imp freezes you.
* * * LOW HITPOINT WARNING * * *
Unknown command.
You hit Natasha but do no damage. You closely miss the quokka.
You hit the white imp but do no damage. The quokka completely misses you.
You furiously retaliate!
You headbutt the quokka, but do no damage.
You block Natasha's attack. You block the white imp's attack.
You block the quokka's attack.
You slash Natasha!
Natasha is almost dead.
Your shield prevents you from hitting the white imp.
You hit the quokka.
You kill the quokka!
Natasha claws you.
You die...

###... ... #..#.# ...
.....# .#.##..#.#...#####
.....# .#.......#...#....
.....# #.#......... .....
.....###.#.......###..####
......††......$...........
.....##.........##.....##
.....#..........##.#.#.#
##.#...........h@g.# ..
.#.####.........5#### ##
.#.# #................
.#.###...........#####
............#....#
.................#
.................#
.................#
...................


You could see Natasha, a white imp and a hobgoblin.

Vanquished Creatures
  Natasha (D:2)
  4 adders (D:2)
  3 worms (D:2)
  A leopard gecko (D:2)
  A bat (D:1)
  3 goblins (D:1)
  5 hobgoblins
  A quokka (D:2)
  4 frilled lizards
  4 kobolds
  A rat (D:1)
28 creatures vanquished.

Notes
Turn   | Place    | Note
-------+----------+-------------------------------------------
     0 | D:1      | ashduasduh the Minotaur Fighter began the quest for the Orb.
     0 | D:1      | Reached XP level 1. HP: 19/19 MP: 0/0
   351 | D:1      | Reached XP level 2. HP: 27/27 MP: 1/1
   788 | D:2      | Reached XP level 3. HP: 26/33 MP: 2/2
   937 | D:2      | Noticed Natasha
   942 | D:2      | Killed Natasha
   942 | D:2      | Reached XP level 4. HP: 20/41 MP: 3/3
  1010 | D:2      | Noticed Natasha
  1019 | D:2      | HP: 2/41 [white imp[Natasha] (5)]
  1021 | D:2      | Slain by Natasha

Skill      XL: |  1  2  3 |
---------------+----------+-----
Fighting       | 4 |  4.4
Shields        | 4 |  4.3
Armour         | 4 |  4.4
Axes           | 3 |  3.3
Dodging        | |  0.7

Action                   |  1- 3 |  4- 6 || total
-------------------------+-------+-------++-------
Melee: War axe           |    63 |    12 ||    75
       Headbutt          |     5 |     2 ||     7
Armor: Scale mail        |    25 |     5 ||    30
Dodge: Dodged            |    21 |     4 ||    25
Block: Shield            |    29 |     6 ||    35
